[Event "*** Titled Tuesday Blitz"]
[Site "Chess.com"]
[Date "2018.12.04"]
[Round "8"]
[White "TheBigBadChessDad"]
[Black "Chessmatus"]
[Result "1/2-1/2"]
[WhiteElo "2284"]
[BlackElo "2172"]
[TimeControl "180+2"]
[EndTime "14:54:39 PST"]
[Termination "Game drawn by agreement"]

1. e4 c5 2. Nf3 d6 3. Nc3 Nf6 4. d4 cxd4 5. Qxd4 Nc6 6. Qd2 g6 7. b3 Bg7 8. Bd3 O-O 9. Bb2 Ng4 10. O-O-O Nge5 11. Nxe5 Nxe5 12. Be2 a5 13. a4 Bd7 14. Bb5 Rc8 15. Kb1 Nc6 16. h4 Nb4 17. Bxd7 Qxd7 18. Rc1 Qg4 19. f3 Qh5 20. Nd5 Nxd5 21. Qxd5 Qxd5 22.
exd5 Rc5 23. c4 e6 24. dxe6 fxe6 25. Rhd1 Bxb2 26. Kxb2 Rc6 27. Rd4 Kf7 28. h5 gxh5 29. Rh1 Rg8 30. Rf4+ Ke7 31. g4 e5 32. Re4 hxg4 33.
Rxh7+ Ke6 34. Rxg4 Rf8 35. Rg6+ Kf5 36. Rgg7 Kf4 37.
Rf7+ Rxf7 38. Rxf7+ Ke3 39. Kc3 Rc8 40. Rxb7 Kxf3 41.
Rd7 e4 42. Rxd6 e3 43. Kd3 Re8 44. Rf6+ Kg4 45. Ke2 Kg5 46. Rb6 Kf4 47. Rf6+ Ke4 48. Rd6 Rb8 49. Re6+ Kd4 50. Rxe3 Rh8 51. Rd3+ Kc5 52.
Rd5+ Kb4 53. Rb5+ Kc3 54. Ke3 Re8+ 55. Kf4 Re1 56. c5 Kd4 57. Kf3 Rc1 58. Rxa5 Rc3+ 59. Kf4 Rxb3 60. c6 Rc3 61. Ra6 Kd5 62. Kf5 Rxc6 63.
Ra5+ Kc4 64. Re5 Rc5 65. Rxc5+ Kxc5 1/2-1/2

[Event "*** Titled Tuesday Blitz"]
[Site "Chess.com"]
[Date "2018.12.04"]
[Round "8"]
[White "volcanoexplorer"]
[Black "Yeytruyol"]
[Result "1/2-1/2"]
[WhiteElo "2401"]
[BlackElo "2452"]
[TimeControl "180+2"]
[EndTime "14:54:39 PST"]
[Termination "Game drawn by agreement"]

1. e4 c6 2. d4 g6 3. Nc3 Bg7 4.
Be3 d6 5. f3 Nf6 6. Qd2 O-O 7.
O-O-O b5 8. h4 b4 9. Na4 Qa5 10. b3 Nbd7 11. Kb1 h5 12. a3 c5 13. dxc5 dxc5 14.
e5 Nxe5 15. Bxc5 Bf5 16. axb4 Qc7 17. Ne2 Rfd8 18. Nd4 Nc6 19. Qc1 Nxd4 20. Rxd4 Rxd4 21. Bxd4 Rd8 22. Bc3 Nd5 23. Bxg7 Kxg7 24. Bd3 Bxd3 25. cxd3 Qd6 26. Qc5 Nxb4 27. Qxd6 Rxd6 28. Nc5 e6 29. Rd1 Rd4 30. Kb2 Rxh4 31. d4 Rh2 32. Rd2 h4 33. Kc3 Nd5+ 34. Kc2 Rxg2 35. Rxg2 Ne3+ 36. Kd2 Nxg2 37.
Ke2 Nf4+ 38. Kf2 g5 39. Ne4 Nd3+ 40. Ke3 Nc1 41. Nxg5 Nxb3 42. Ne4 f5 43. Nc3 h3 44.
Kf2 Nxd4 45. Kg3 Kf6 46. f4 a5 47. Kxh3 e5 48. Kg3 e4 49. Kf2 Nc2 50. Ke2 Ke6 51. Kd2 Nb4 52. Nb5 Kd5 53. Nc7+ Kc4 54. Ne8 a4 55.
Nd6+ Kd5 56. Nxf5 a3 57. Kc3 Nd3 58. Ne3+ Ke6 59. Kb3 Nxf4 60. Kxa3 Nd5 61. Nc4 Kf5 62. Kb3 Kf4 63. Kb2 Nb4 64. Kc3 Nd5+ 65. Kd4 Nf6 66. Kc3 Ng4 67. Kd2 Ne5 68. Nxe5 Kxe5 69. Ke3 Kd5 70. Ke2 Ke5 71. Ke3 Kf5 72. Kf2 Kf4 73.
Ke2 e3 74. Ke1 Ke4 75. Ke2 Kd4 76. Ke1 Kd3 77. Kd1 1/2-1/2

[Event "*** Titled Tuesday Blitz"]
[Site "Chess.com"]
[Date "2018.12.04"]
[Round "8"]
[White "champ2005"]
[Black "GABUZYAN_CHESSMOOD"]
[Result "1-0"]
[WhiteElo "2689"]
[BlackElo "2795"]
[TimeControl "180+2"]
[EndTime "14:54:52 PST"]
[Termination "champ2005 won on time"]

1. b3 a5 2. Bb2 a4 3. Nf3 Nf6 4. g3 g6 5. Bg2 Bg7 6. O-O O-O 7. c4 d6 8. bxa4 e5 9. d3 Na6 10. Nc3 Nc5 11. Nd2 Bd7 12. Nb3 Bxa4 13. Nxa4 Nxa4 14.
Bc1 e4 15. d4 c6 16. Bg5 d5 17.
c5 Nc3 18. Qd2 Na4 19. e3 Qc8 20. Bxf6 Bxf6 21. Qb4 Re8 22. Na5 Qc7 23. Nb3 Be7 24. Qd2 Ra7 25. Rfc1 Rea8 26. Rc2 h5 27. h4 b6 28.
cxb6 Nxb6 29. Bf1 Ba3 30. Bb5 Rb8 31. Rxc6 Qe7 32. Rc2 Bb4 33. Qd1 Kg7 34. a4 Nc8 35.
Bf1 Nd6 36. a5 Nf5 37. a6 Bd6 38. Nc5 Bxg3 39. fxg3 Nxe3 40. Qd2 Nxc2 41. Qxc2 Rc7 42. Qf2 Rb6 43. Qe3 Ra7 44. Qg5 Qd6 45. Qf4 Qe7 46. Qg5 Rf6 47. Be2 Kh7 48. Rf1 Rxf1+ 49. Bxf1 Qc7 50.
Qf4 Qb6 51. Qe5 Qc6 52. Qb8 Ra8 53. Qb7 Qd6 54. Qxf7+ Kh8 55. Qf4 Qxf4 56. gxf4 Kg7 57. Bb5 Kf6 58. Bc6 Ra7 59. Bxd5 1-0

[Event "*** Titled Tuesday Blitz"]
[Site "Chess.com"]
[Date "2018.12.04"]
[Round "8"]
[White "BasilSmash"]
[Black "Schachmalanders"]
[Result "1-0"]
[WhiteElo "2372"]
[BlackElo "2284"]
[TimeControl "180+2"]
[EndTime "14:54:53 PST"]
[Termination "BasilSmash won by checkmate"]

1. e4 c5 2. Nf3 Nf6 3. e5 Nd5 4. Nc3 e6 5. Ne4 Nc6 6. c4 Nc7 7. g3 d5 8. exd6 Bxd6 9. Bg2 O-O 10. O-O e5 11. Re1 Ne6 12. b3 Ned4 13. Nxd4 Nxd4 14.
Bb2 Bf5 15. Nxd6 Qxd6 16. Bxb7 Rad8 17. Be4 Bxe4 18. Rxe4 f5 19. Re1 e4 20. Bxd4 Qxd4 21. Re2 f4 22. Rc1 f3 23. Re3 Rfe8 24. h3 Qxd2 25.
Qxd2 Rxd2 26. Rce1 Rxa2 27. Rxf3 Rb2 28. Rfe3 Rb8 29.
Rxe4 R2xb3 30. Re7 R8b7 31. Re8+ Kf7 32. Rc8 Rb1 33.
Rxb1 Rxb1+ 34. Kg2 a5 35. Rxc5 a4 36. Ra5 Rb4 37.
c5 Rc4 38. g4 a3 39. Kg3 a2 40. h4 Rxc5 41. Rxa2 Rc7 42. Ra5 g6 43. f3 h6 44. h5 Kg7 45. hxg6 Kxg6 46. Ra6+ Kg7 47. Re6 Rc1 48. Kf4 Rf1 49. Re3 Rb1 50. Kf5 Rb5+ 51. Re5 Rb6 52. Re7+ Kf8 53. Rh7 Kg8 54.
Rd7 Rc6 55. f4 Rb6 56. Re7 Rb5+ 57. Re5 Rb7 58. Kg6 Rb6+ 59. Kh5 Kg7 60. Re7+ Kf8 61.
Rh7 Rb4 62. f5 Rb1 63. Kxh6 Kg8 64. Rc7 Rg1 65. g5 Kf8 66. f6 Ke8 67. g6 Rh1+ 68. Kg7 Rd1 69. f7+ Kd8 70. Rc2 Rd7 71. Re2 Kc7 72.
Kg8 Rd6 73. g7 Rg6 74. f8=Q Rc6 75. Qe7+ Kb6 76. Rb2+ Ka6 77. Qa3# 1-0

[Event "*** Titled Tuesday Blitz"]
[Site "Chess.com"]
[Date "2018.12.04"]
[Round "8"]
[White "RiskyDecision"]
[Black "Paparama_1917"]
[Result "1/2-1/2"]
[WhiteElo "2417"]
[BlackElo "2575"]
[TimeControl "180+2"]
[EndTime "14:54:54 PST"]
[Termination "Game drawn - insufficient material"]

1. d4 d6 2. g3 e5 3. dxe5 dxe5 4.
Qxd8+ Kxd8 5. Bg2 c6 6. Nc3 Bb4 7. f4 Nf6 8. fxe5 Ng4 9. Nf3 Bf5 10.
h3 Bxc3+ 11. bxc3 Nh6 12. Nd4 Be6 13. Nxe6+ fxe6 14. Bxh6 gxh6 15. Rf1 Nd7 16. Rf7 Ke8 17. Rg7 Rb8 18. Rd1 Nxe5 19. Rd6 Nf7 20. Rxe6+ Kf8 21.
Rg4 Re8 22. Rf6 Ke7 23. Rgf4 Ref8 24. Bf3 Ng5 25. Rxh6 Rxf4 26. gxf4 Nf7 27. Rh5 h6 28. e4 Rg8 29. Bg4 Kf6 30. Ke2 Rd8 31. Ke3 b6 32.
Rf5+ Kg7 33. e5 Rd5 34. Rf6 Nxe5 35. Re6 Nc4+ 36. Ke4 Nd6+ 37. Ke3 Nc4+ 38. Ke4 Nd6+ 39. Kf3 h5 40. Re7+ Kf8 41. Rxa7 hxg4+ 42. hxg4 Rc5 43.
f5 Rxc3+ 44. Kf4 Nf7 45. f6 Kg8 46. Kf5 Rc5+ 47. Ke6 Re5+ 48. Kd7 c5 49. Ra8+ Kh7 50. Re8 Kg6 51. Re7 Kxf6 52. Rxe5 Nxe5+ 53. Kc7 b5 54. Kb6 Nxg4 55. Kxc5 Ke6 56. Kxb5 Kd7 57. Kb6 Kc8 58. a4 Kb8 59. a5 Ne5 60. a6 Nd7+ 61. Kb5 Ka7 62.
c4 Nb8 63. c5 Nxa6 64. c6 Nb8 65. c7 Kb7 66. cxb8=Q+ Kxb8 1/2-1/2

[Event "*** Titled Tuesday Blitz"]
[Site "Chess.com"]
[Date "2018.12.04"]
[Round "8"]
[White "nurmiTV"]
[Black "djano"]
[Result "1-0"]
[WhiteElo "2467"]
[BlackElo "2342"]
[TimeControl "180+2"]
[EndTime "14:54:54 PST"]
[Termination "nurmiTV won by resignation"]

1. c4 Nf6 2. Nc3 e6 3. e4 d5 4. e5 d4 5. exf6 dxc3 6. bxc3 Qxf6 7. Nf3 h6 8. Bd3 Nc6 9. Qe2 Bd6 10. O-O Bd7 11. Be4 O-O 12. d4 Rfe8 13. c5 Bf4 14.
Be3 e5 15. d5 Ne7 16. Rab1 Rab8 17. h3 Nf5 18. Bxf4 exf4 19. Qd3 g6 20. Rfe1 a6 21. Nd4 Nxd4 22. Qxd4 Kg7 23. Bd3 Rxe1+ 24. Rxe1 Re8 25. Kf1 Qxd4 26. cxd4 Rxe1+ 27. Kxe1 f3 28. Bf1 Kf6 29. Kd2 fxg2 30. Bxg2 Kg5 31. Ke3 Kh4 32. Kf4 f6 33. d6 c6 34. d5 h5 35. dxc6 bxc6 36. Ke4 a5 37. Kd4 g5 38. Kc4 f5 39. Kb3 f4 40.
Ka4 g4 41. hxg4 Kxg4 42. Kxa5 f3 43. Bf1 h4 44. Kb6 h3 45. Bxh3+ Kxh3 46. a4 Kg2 47. a5 Kxf2 48. a6 Kg1 49. a7 f2 50. a8=Q f1=Q 51. Qg8+ Kh2 52. Qh7+ Kg3 53. Qxd7 Qb5+ 54. Kc7 Qxc5 55. Qg7+ Kf4 56. Qf6+ Kg4 57. Qe6+ Kg5 58. d7 Qa7+ 59. Kd8 Qb8+ 60. Ke7 Qb7 61. Ke8 Qb2 62. d8=Q+ 1-0

[Event "*** Titled Tuesday Blitz"]
[Site "Chess.com"]
[Date "2018.12.04"]
[Round "8"]
[White "ckgchess"]
[Black "dretch"]
[Result "1-0"]
[WhiteElo "2622"]
[BlackElo "2794"]
[TimeControl "180+2"]
[EndTime "14:54:55 PST"]
[Termination "ckgchess won by resignation"]

1. e4 e6 2. d4 d5 3. Nd2 c5 4. exd5 Qxd5 5. Ngf3 cxd4 6. Bc4 Qd6 7.
O-O Nf6 8. Nb3 Nc6 9. Nbxd4 Nxd4 10. Nxd4 Be7 11. Nb5 Qc6 12. Qe2 O-O 13. Nd4 Qe4 14.
Be3 Bd7 15. Bd3 Qg4 16. Rfe1 Qxe2 17. Rxe2 Nd5 18. Bd2 Bf6 19. c3 Rfd8 20. Nf3 Rac8 21. Rd1 Ba4 22. b3 Nxc3 23. Bxc3 Rxc3 24. Bxh7+ Kxh7 25. Rxd8 Bxd8 26. bxa4 Ba5 27. h4 Bc7 28. Ng5+ Kg6 29. g4 Bd8 30. Ne4 Rc1+ 31. Kg2 Bxh4 32. a5 Rc4 33. Kf3 Ra4 34. Nc5 Ra3+ 35.
Kg2 Rxa5 36. Nxb7 Rd5 37. Rc2 Bf6 38. Nc5 Be7 39. Ne4 Ra5 40. Nd2 Ra4 41. Nc4 f6 42. Kf3 e5 43. Ne3 Rf4+ 44. Kg3 Bd6 45. Nf5 Bf8 46. Rc8 Kf7 47. Rc7+ Kg8 48. Rxa7 Rc4 49. Ra8 Rc3+ 50. f3 Rc2 51. a4 Kf7 52. a5 Bc5 53. Rc8 Bf2+ 54. Kg2 Rxc8 55. Nd6+ Ke6 56. Nxc8 Kd7 57. Kxf2 Kxc8 58. Ke3 Kb7 59. Ke4 Ka6 60. Kf5 Kxa5 61. Kg6 Kb4 62. Kxg7 f5 63. gxf5 1-0

[Event "*** Titled Tuesday Blitz"]
[Site "Chess.com"]
[Date "2018.12.04"]
[Round "8"]
[White "Atanejhad"]
[Black "dmosesov"]
[Result "1-0"]
[WhiteElo "2287"]
[BlackElo "2341"]
[TimeControl "180+2"]
[EndTime "14:54:55 PST"]
[Termination "Atanejhad won on time"]

1. d4 Nf6 2. c4 e6 3. Nf3 a6 4. g3 b5 5. Bg2 Bb7 6. O-O bxc4 7. Qc2 d5 8. Ne5 Nbd7 9. Nxc4 c5 10. dxc5 Bxc5 11. Be3 Bxe3 12. Nd6+ Ke7 13. Nxb7 Qb6 14. fxe3 Qxb7 15. Nc3 Rhc8 16. Qd2 Rab8 17. b3 Qb4 18.
Rac1 a5 19. h3 h5 20. Rf4 Qb6 21. Na4 Qa7 22. Kh2 Qa6 23. Rcf1 Rc6 24. e4 dxe4 25.
Bxe4 Rd6 26. Qe3 Rb4 27. Bd3 Qa8 28. Nc5 Nxc5 29. Qxc5 Rxf4 30. Rxf4 Qd5 31. Qxd5 Nxd5 32. Ra4 Nb4 33. Bc4 Rd2 34. a3 Nc6 35. Bb5 Nd4 36. Rxa5 Nxb3 37. Ra7+ Kf6 38. a4 Nd4 39. Be8 Rxe2+ 40.
Kg1 Ke5 41. Rxf7 g5 42. Rf2 Re1+ 43. Kg2 h4 44. gxh4 gxh4 45. Ra2 Nf5 46. a5 Kf4 47. a6 Ne3+ 48. Kf2 Rf1+ 49. Ke2 Rh1 50. Ra4+ Kg3 51. Kxe3 Rxh3 52. a7 1-0

[Event "*** Titled Tuesday Blitz"]
[Site "Chess.com"]
[Date "2018.12.04"]
[Round "8"]
[White "Ali_rastbod"]
[Black "StoreySniper"]
[Result "1/2-1/2"]
[WhiteElo "2580"]
[BlackElo "2398"]
[TimeControl "180+2"]
[EndTime "14:55:00 PST"]
[Termination "Game drawn - insufficient material"]

1. d4 g6 2. c4 Bg7 3. Nc3 c5 4.
dxc5 Na6 5. g3 Bxc3+ 6. bxc3 Nf6 7. Bg2 Nxc5 8. Be3 Qa5 9. Bd4 O-O 10. Rb1 d6 11. Nf3 e5 12. Bxc5 Qxc5 13. O-O Rb8 14.
Nd2 b6 15. Qa4 Bf5 16. Rbd1 Qc7 17. Qb4 Rfd8 18. Nb3 Be4 19. Bxe4 Nxe4 20. Rd5 Rbc8 21. Nd2 Nxd2 22. Rxd2 Qxc4 23. Rxd6 Qxb4 24. Rxd8+ Rxd8 25. cxb4 Rd2 26. e3 Rxa2 27. Rc1 Ra4 28. b5 Rb4 29. Rc7 Rxb5 30. Rxa7 e4 31. Re7 Rb4 32. Kg2 Kf8 33. Rb7 h5 34. h3 Kg7 35. g4 hxg4 36. hxg4 Kf6 37. Kg3 g5 38. Rc7 Rb5 39. Rc6+ Ke5 40.
Rc7 f6 41. Re7+ Kd5 42. f3 exf3 43. Kxf3 Rb4 44. Rf7 Ke6 45. Rc7 Rb1 46. Ke4 Rb4+ 47.
Kf3 b5 48. Rc6+ Ke7 49. Rb6 Rb1 50. Ke4 Kf7 51. Kf5 Rf1+ 52. Ke4 Rg1 53. Rxb5 Rxg4+ 54. Kf5 Rg3 55. Rb7+ Kg8 56. Kg6 Kf8 57. Kxf6 Rxe3 58.
Rb8+ Re8 59. Rxe8+ Kxe8 60. Kxg5 1/2-1/2

[Event "*** Titled Tuesday Blitz"]
[Site "Chess.com"]
[Date "2018.12.04"]
[Round "8"]
[White "rasmussvane"]
[Black "dyziotomi99"]
[Result "1-0"]
[WhiteElo "2709"]
[BlackElo "2628"]
[TimeControl "180+2"]
[EndTime "14:55:06 PST"]
[Termination "rasmussvane won by resignation"]

1. d4 Nf6 2. Nf3 d5 3. c4 dxc4 4. e3 a6 5. Bxc4 e6 6. O-O c5 7. Nc3 b5 8. Be2 Bb7 9. dxc5 Bxc5 10. Qxd8+ Kxd8 11. Nd2 Ke7 12. Nb3 Bd6 13. f3 Nc6 14. e4 Rac8 15. Be3 Ne5 16. Rfc1 Bc6 17. a4 bxa4 18. Nxa4 Bb5 19. Nc3 Rxc3 20. Rxc3 Bxe2 21. Nd4 Bb5 22. Nxb5 axb5 23. f4 Nxe4 24. fxe5 Bxe5 25. Rb3 Nd6 26. Bc5 Rb8 27. Ra7+ Kf6 28. Bxd6 Bxd6 29.
Rf3+ Kg6 30. Raxf7 Rc8 31. Kh1 Rc2 32. Rf2 Rc4 33. g3 Be5 34. R7f3 Bd4 35. Re2 e5 36.
Kg2 h5 37. h4 Rc1 38. Rb3 Rc5 39. Ra3 Kf5 40. Ra7 g6 41. Rf7+ Ke6 42. Rf3 Rc4 43.
Rb3 Rc5 44. Kh3 Kf5 45. Rf3+ Ke6 46. Kg2 Rc4 47. Rb3 b4 48. Rf3 Rc1 49. b3 Rc3 50.
Rxc3 Bxc3 51. Kf3 Kf5 52. Re4 Bd4 53. g4+ hxg4+ 54. Rxg4 Bc3 55. Rg5+ Kf6 56. Ke4 Be1 57. Rxe5 Bxh4 58. Kd5 Bg5 59. Re6+ Kf7 60. Re2 Be7 61. Ke5 Bf6+ 62. Kd6 Bc3 63. Rf2+ Kg7 64. Ke6 Kh6 65. Rh2+ Kg7 66. Rg2 Be1 67. Rg4 Bc3 68. Kd5 Kf6 69. Ke4 Be1 70. Kf3 Bc3 71. Rc4 Kf5 72. Rc5+ Kf6 73.
Kg4 Bd2 74. Rc6+ Kf7 75. Rd6 Be1 76. Kg5 Bf2 77. Rf6+ Ke7 78. Rxf2 1-0

[Event "*** Titled Tuesday Blitz"]
[Site "Chess.com"]
[Date "2018.12.04"]
[Round "8"]
[White "AndrewDGreen"]
[Black "ruvat"]
[Result "1-0"]
[WhiteElo "2246"]
[BlackElo "2298"]
[TimeControl "180+2"]
[EndTime "14:55:11 PST"]
[Termination "AndrewDGreen won on time"]

1. d4 d6 2. e4 Nf6 3. Nc3 g6 4. Be3 Bg7 5. Qd2 c6 6. Bh6 Bxh6 7. Qxh6 Qa5 8. Bd3 c5 9. d5 Nbd7 10. Nf3 c4 11. Bxc4 Qc5 12. Bd3 Qxf2+ 13. Kxf2 Ng4+ 14. Kg3 Nxh6 15. h3 a6 16. b4 O-O 17. a4 Kg7 18.
Ne2 Ng8 19. Rhf1 Ngf6 20. Ned4 Re8 21. a5 e5 22. dxe6 fxe6 23. c4 e5 24. Ne2 Nh5+ 25.
Kh2 Ndf6 26. g3 Be6 27. Rac1 Rac8 28. Nd2 Rc7 29. Rb1 Nd7 30. Nc3 Nhf6 31. Rfc1 Rec8 32.
Ne2 Bf7 33. Kg2 Nf8 34. Kh2 N6d7 35. Kg2 Ne6 36. Kh2 h5 37. Kg2 g5 38. Rc2 g4 39.
h4 Bg6 40. Rbc1 Nf6 41. Nc3 Nd4 42. Rb2 Rf8 43. Rf1 Rcf7 44. Rbb1 Nd7 45. Rxf7+ Bxf7 46. Rf1 Be6 47. Nd5 Bxd5 48. cxd5 Rc8 49. Nc4 Nf6 50. Nxd6 Rc3 51. Bb1 Rb3 52. Nxb7 Rb2+ 53. Kg1 Rxb4 54.
Nd6 Rb3 55. Nf5+ Nxf5 56. exf5 Rxg3+ 57. Kh2 Rh3+ 58. Kg2 Rxh4 59. Rd1 Nd7 60. d6 Kf6 61. Ba2 1-0

[Event "*** Titled Tuesday Blitz"]
[Site "Chess.com"]
[Date "2018.12.04"]
[Round "8"]
[White "731291"]
[Black "BocharovD"]
[Result "1/2-1/2"]
[WhiteElo "2608"]
[BlackElo "2724"]
[TimeControl "180+2"]
[EndTime "14:55:26 PST"]
[Termination "Game drawn by repetition"]

1. Nf3 Nf6 2. g3 g6 3. Bg2 Bg7 4. O-O O-O 5. d4 d6 6. c4 c6 7. Nbd2 Nbd7 8. b3 Re8 9. Bb2 e5 10. dxe5 dxe5 11. Ng5 Nc5 12. b4 Bh6 13. Nde4 Ncxe4 14.
Nxe4 Nxe4 15. Bxe4 Qe7 16. Qb3 Bg7 17. a4 Be6 18. b5 f5 19. Bg2 e4 20. Bxg7 Qxg7 21.
Rfc1 c5 22. e3 Rad8 23. Bf1 Rd7 24. b6 a6 25. Qa3 Qe5 26. Rd1 Red8 27. Qb3 Kf7 28. Rxd7+ Rxd7 29. Rd1 Ke7 30. Rxd7+ Bxd7 31. Qa3 a5 32. Kg2 g5 33. Qc1 Bxa4 34. Qa3 Bc6 35. Qxa5 f4 36. Qd2 h5 37. Kg1 f3 38. Qa5 Qd6 39. Qc3 Qf6 40. Qa5 Qe5 41. Qa8 g4 42.
Qg8 Be8 43. h3 Kd6 44. hxg4 hxg4 45. Qxg4 Kc6 46. Qc8+ Kxb6 47. Bh3 Bc6 48. Qe6 Qa1+ 49.
Bf1 Ka5 50. g4 Qh8 51. Qf5 Kb4 52. g5 Qh5 53. Qf4 Kb3 54. Qg3 Be8 55. Bh3 b6 56. Be6 Kb4 57. Bd5 Bg6 58. Qf4 Qh8 59. Qf6 Qh3 60.
Qxb6+ Kc3 61. Qa5+ Kb3 62. Qb5+ Kc3 63. Qa5+ Kb3 64.
Qb5+ Kc3 65. Qa5+ Kb3 66. Qb5+ Kc3 67. Qa5+ Kb3 68. Qb5+ Kc3 1/2-1/2

[Event "*** Titled Tuesday Blitz"]
[Site "Chess.com"]
[Date "2018.12.04"]
[Round "8"]
[White "lucasmito"]
[Black "arctic_t00"]
[Result "0-1"]
[WhiteElo "2349"]
[BlackElo "2398"]
[TimeControl "180+2"]
[EndTime "14:55:28 PST"]
[Termination "arctic_t00 won by resignation"]

1. e4 e6 2. d4 d5 3. Nc3 Nf6 4. Bg5 Bb4 5. e5 h6 6. Bd2 Bxc3 7. bxc3 Ne4 8. Bd3 Nxd2 9. Qxd2 c5 10. f4 Nc6 11.
Nf3 Qa5 12. a4 cxd4 13. cxd4 b6 14. Bb5 Qxd2+ 15. Kxd2 Bd7 16. Bxc6 Bxc6 17. a5 Kd7 18. Rhb1 b5 19. a6 g5 20. g3 Kc7 21. Ne1 Kb6 22. Nd3 gxf4 23. Nxf4 h5 24. Nd3 h4 25.
g4 h3 26. Rf1 Rh7 27. c3 Rg8 28. Rf4 Rh4 29. Nf2 Be8 30. Rf6 Rg6 31. Rxg6 fxg6 32. g5 Rh5 33. Rg1 Kxa6 34. Nd3 Rh4 35. Nc5+ Kb6 36. Nxe6 a5 37. Ng7 Bc6 38. e6 Rh7 39. Rf1 Rxg7 40. Rf7 Rg8 41. e7 Re8 42. Kc2 Kc7 43.
Rf6 Rxe7 44. Rxg6 Re2+ 45. Kb3 Rxh2 46. Rg7+ Kb6 47. Rh7 a4+ 48. Ka3 Be8 49. Rh6+ Ka5 50. Re6 Bh5 51. Rh6 Bd1 52. Rh8 Bb3 53. Ra8+ Kb6 54. Kb4 Rg2 55. Rh8 h2 56. Rh6+ Kc7 57. g6 Bc2 58. g7 Rxg7 59. Rxh2 Bb3 60. Kxb5 a3 61. Kb4 a2 62. Rh1 Bc4 63. Ka3 Rf7 64. Kb2 Rf2+ 65. Ka1 Kb6 66. Rh6+ Kc7 67. Rh7+ Kd6 68.
Rh6+ Ke7 69. Rh1 Rf1+ 70. Rxf1 Bxf1 71. Kxa2 Bc4+ 72. Ka3 Kf6 73. Kb4 Kf5 74. Kc5 Ke4 0-1

[Event "*** Titled Tuesday Blitz"]
[Site "Chess.com"]
[Date "2018.12.04"]
[Round "8"]
[White "FMJoseHerrera"]
[Black "Marcus_Harvey"]
[Result "1/2-1/2"]
[WhiteElo "2565"]
[BlackElo "2670"]
[TimeControl "180+2"]
[EndTime "14:55:29 PST"]
[Termination "Game drawn - insufficient material"]

1. Nf3 Nf6 2. g3 d5 3. Bg2 Bf5 4. O-O c6 5. d3 Nbd7 6. c3 h6 7.
Qb3 Qb6 8. Be3 Qxb3 9. axb3 e5 10. b4 a6 11. h3 Bd6 12. Nbd2 O-O 13. Nb3 e4 14. dxe4 Bxe4 15. Na5 Rfb8 16. Rfd1 Bc7 17. Nd4 Bxg2 18. Kxg2 Bxa5 19. bxa5 Re8 20. Nf5 Ne5 21. Bd4 Rad8 22. e3 Re6 23. Ra3 Nc4 24. Rb3 Nxa5 25.
Rb4 Rd7 26. b3 b5 27. Ra1 Nb7 28. Bxf6 Rxf6 29. g4 c5 30. Rf4 Kh7 31. h4 g6 32.
Ng3 Rxf4 33. exf4 Rd6 34. h5 a5 35. hxg6+ fxg6 36. f5 c4 37. bxc4 dxc4 38. Rb1 Rb6 39. Ne4 b4 40. f6 g5 41. f4 gxf4 42. Kf3 Kg6 43. Kxf4 bxc3 44. Rxb6 c2 45. f7+ Kg7 46. Rxb7 c1=Q+ 47. Kf5 Qf1+ 48. Ke5 c3 49. Nc5 Qf6+ 50.
Kd5 Qxf7+ 51. Ne6+ Kg6 52. Rxf7 Kxf7 53. Nd4 Kf6 54.
Ke4 Kg5 55. Kf3 a4 56. Nc2 Kh4 57. Kf4 Kh3 58. Kf3 Kh2 59. Kf4 Kg2 60. Kf5 Kf3 61.
Na3 Kg3 62. Nc2 Kf3 63. Na3 Ke3 64. Kg6 Kf4 65. Kh5 Kf3 66. Nc2 Ke2 67. Kxh6 Kd2 68. Na3 c2 69. Nxc2 Kxc2 70. g5 a3 71. g6 a2 72. g7 a1=Q 73. g8=Q Qh1+ 74. Kg7 Qg2+ 75. Kf8 Qxg8+ 76. Kxg8 1/2-1/2

[Event "*** Titled Tuesday Blitz"]
[Site "Chess.com"]
[Date "2018.12.04"]
[Round "8"]
[White "MFBerna"]
[Black "TregubovP"]
[Result "1/2-1/2"]
[WhiteElo "2374"]
[BlackElo "2526"]
[TimeControl "180+2"]
[EndTime "14:55:34 PST"]
[Termination "Game drawn - insufficient material"]

1. e4 e6 2. d4 d5 3. exd5 exd5 4. Qf3 Nf6 5. h3 Be6 6. Bd3 Nc6 7. c3 Qd7 8. Ne2 O-O-O 9. Bf4 Bd6 10. Nd2 Ne7 11. O-O-O Bxf4 12. Nxf4 Bf5 13. Rhe1 Rhe8 14. Re2 Ng6 15.
Nxg6 hxg6 16. Rde1 Bxd3 17. Qxd3 Rxe2 18. Rxe2 Re8 19.
Re5 c6 20. Qe3 a6 21. Nb3 Ne4 22. Nc5 Qd8 23. Nxe4 Rxe5 24. dxe5 dxe4 25. Qxe4 Qa5 26. e6 fxe6 27. Qxe6+ Kb8 28. Qxg6 Qxa2 29. Qxg7 Qa1+ 30.
Kc2 Qa4+ 31. Kd2 Qf4+ 32. Ke2 Qe4+ 33. Kd2 Qf4+ 34. Ke2 Qe4+ 35. Kd1 Qb1+ 36. Ke2 Qxb2+ 37. Kf3 Qb5 38. h4 a5 39. g4 a4 40. h5 Qd5+ 41. Kg3 Qd6+ 42. Kg2 a3 43. h6 Qd5+ 44. f3 a2 45. h7 a1=Q 46. h8=Q+ Ka7 47. Qd4+ Qxd4 48. Qxd4+ Ka6 49. g5 Qb1 50. f4 Qf5 51. Kf3 b5 52.
Qe4 Qh3+ 53. Kf2 Qxc3 54. g6 b4 55. g7 Qxg7 56. Qxc6+ Ka5 57. f5 b3 58. f6 Qg6 59.
Qd5+ Kb4 60. f7 Qf6+ 61. Ke2 b2 62. Qa2 Qe5+ 63. Kf3 Qf5+ 64. Ke3 Qe5+ 65. Kf3 Qf5+ 66. Ke3 Kc3 67. Qa3+ Kc2 68. f8=Q Qxf8 69. Qxf8 b1=Q 70. Qf5+ Kb2 71. Qxb1+ Kxb1 1/2-1/2

[Event "*** Titled Tuesday Blitz"]
[Site "Chess.com"]
[Date "2018.12.04"]
[Round "8"]
[White "David_Klein"]
[Black "MikaelyanArman"]
[Result "1-0"]
[WhiteElo "2612"]
[BlackElo "2755"]
[TimeControl "180+2"]
[EndTime "14:55:54 PST"]
[Termination "David_Klein won by checkmate"]

1. e4 Nf6 2. e5 Nd5 3. d4 d6 4. Nf3 g6 5. h3 Bg7 6. Bc4 Nb6 7.
Bb3 O-O 8. Qe2 Nc6 9. O-O Bf5 10. Nc3 Na5 11. Bf4 Nxb3 12. axb3 c6 13. Rfe1 d5 14.
Qd2 Re8 15. Bh6 Bh8 16. Ne2 a6 17. Ng3 Qd7 18. Nh4 Be6 19. f4 f5 20. Nf3 Rac8 21. b4 Bg7 22. Bxg7 Kxg7 23. b3 Na8 24. Ne2 Nc7 25.
Nc1 h6 26. Nd3 b6 27. Qf2 Ra8 28. Ra2 Nb5 29. Qg3 Nc3 30. Raa1 Ne4 31. Qh4 Bf7 32. Nf2 a5 33. bxa5 Rxa5 34. Rxa5 bxa5 35. Nd3 Ra8 36. Ra1 Qa7 37. Qe1 Qb6 38. Kh2 Qb5 39.
Ra4 e6 40. Nd2 Nc3 41. Ra1 a4 42. bxa4 Rxa4 43. Rxa4 Qxa4 44. Nb3 Nb5 45. Ndc5 Qc4 46. Qd2 Na3 47. c3 Nb1 48. Qc1 Nxc3 49. Qc2 Nb5 50.
Qb2 g5 51. Qd2 Kg6 52. Qe3 Qc3 53. Qxc3 Nxc3 54. g3 Ne2 55. Nd3 Be8 56. Kg2 Bd7 57. Kf2 Nc3 58. Nbc5 Bc8 59. Nb4 gxf4 60. gxf4 Kh5 61.
Nxc6 Ne4+ 62. Nxe4 fxe4 63. Kg3 Bd7 64. Nb4 Bb5 65. Nc2 Bd3 66. Ne3 Kg6 67. h4 Be2 68. Kf2 Bb5 69. Ng2 Kf5 70. Kg3 Bc6 71. h5 e3 72. Kf3 e2 73. Ne3# 1-0

[Event "*** Titled Tuesday Blitz"]
[Site "Chess.com"]
[Date "2018.12.04"]
[Round "8"]
[White "BIG_Pirate"]
[Black "MFguimaraes"]
[Result "0-1"]
[WhiteElo "2341"]
[BlackElo "2346"]
[TimeControl "180+2"]
[EndTime "14:55:56 PST"]
[Termination "MFguimaraes won by resignation"]

1. Nf3 d5 2. c4 c6 3. g3 Nf6 4. Bg2 Bf5 5. cxd5 cxd5 6. Qb3 Bc8 7. O-O Nc6 8. d3 e6 9. Bf4 Bd6 10. Bxd6 Qxd6 11. Nc3 O-O 12. e4 Bd7 13. Rfe1 dxe4 14.
dxe4 e5 15. Rad1 Qb8 16. Nd5 Be6 17. Ng5 Bxd5 18. exd5 Nd4 19. Qd3 Rd8 20. f4 exf4 21.
Qxd4 fxg3 22. h3 h6 23. Ne4 Nxd5 24. Nc5 Nf4 25. Qxd8+ Qxd8 26. Rxd8+ Rxd8 27. Ne4 f5 28. Nxg3 Rd2 29. Bf1 g6 30. b4 Kf7 31. a4 h5 32.
b5 h4 33. Ne2 Nd3 34. Ra1 Ne5 35. Kf2 Rb2 36. Ke3 g5 37. Kd4 Kf6 38. Nc3 Rb4+ 39. Kc5 Rb3 40. Nd5+ Ke6 41. Nc7+ Kd7 42. Nd5 b6+ 43.
Kd4 Nf3+ 44. Kc4 Nd2+ 45. Kd4 Kd6 46. Ne3 f4 47. Nc4+ Nxc4 48. Kxc4 Rg3 49. Rd1+ Kc7 50. Re1 Kd6 51. Rd1+ Kc7 52. Kd5 f3 53. Re1 Kd7 54. Bd3 f2 55. Bf5+ Kd8 56. Rf1 Rf3 57. Bg4 Rf4 58. Ke5 Ke7 59. Be2 Kd7 60. Rd1+ Kc7 61. Bf1 Rxa4 62. Rc1+ Kd7 63. Rd1+ Ke7 64.
Kf5 g4 65. hxg4 Ra3 66. g5 h3 67. g6 h2 68. Bg2 Rg3 69. Bc6 Rg1 70. Rd7+ Kf8 71.
Rf7+ Kg8 72. Ke5 f1=Q 73. Rxf1 Rxf1 74. Kd6 Rf6+ 75. Kc7 Rxc6+ 0-1